 Dungeon Crawl Stone Soup version 0.30-a0-1018-g25214051b3 (webtiles) character file.

Game seed: 7915497639739207565

44 holysushi the Poker (level 3, 0/29 HPs)
             Began as a Barachi Monk on Apr 7, 2023.
             Slain by Sigmund
             ... wielding a +0 scythe
              (10 damage)
             ... on level 2 of the Dungeon.
             The game lasted 00:02:09 (1636 turns).

holysushi the Poker (Barachi Monk)                  Turns: 1636, Time: 00:02:10

Health: 0/29       AC:  2    Str: 12    XL:     3   Next: 60%
Magic:  3/3        EV: 14    Int: 10    God:
Gold:   32         SH:  0    Dex: 18    Spells: 2/2 levels left

rFire   + . .      SeeInvis .    a - +0 spear
rCold   . . .      Faith    .    (no shield)
rNeg    + . .      Spirit   .    b - +0 robe
rPois   .          Reflect  .    (no helmet)
rElec   .          Rampage  .    (no cloak)
rCorr   .                        (no gloves)
Will    +....                    (no boots)
Stlth   +                        (no amulet)
HPRegen 0.24/turn                p - ring "Dicwapp" {rN+ Dex+2}
MPRegen 0.08/turn                (no ring)

@: confused, attractive, slow
A: amphibious, slowness 1, strong legs 1, +LOS, fire resistance 1, strong-willed
1
a: Hop


You were on level 2 of the Dungeon.
You visited 1 branch of the dungeon, and saw 2 of its levels.

You collected 32 gold pieces.

Inventory:

Hand Weapons
 a - a +0 spear (weapon)
Armour
 b - a +0 robe (worn)
 j - a +0 tower shield
Jewellery
 p - the ring "Dicwapp" (left hand) {rN+ Dex+2}
   (You found it on level 2 of the Dungeon)

   [ring of positive energy]

   Dex:       It affects your dexterity (+2).
   rN:        It protects you from negative energy.
Scrolls
 d - 4 scrolls of identify {unknown}
 e - a scroll of summoning {unknown}
 f - 3 scrolls of teleportation {unknown}
 g - 2 scrolls of fear {unknown}
 h - 2 scrolls of poison {unknown}
 i - a scroll of magic mapping {unknown}
 l - a scroll of silence {unknown}
 n - a scroll of acquirement {unknown}
 q - a scroll of blinking {unknown}
Potions
 k - a potion of mutation


   Skills:
 - Level 3.6 Fighting
 + Level 4.1 Polearms
 + Level 3.7 Dodging
 - Level 1.7 Stealth


You had 2 spell levels left.
You didn't know any spells.
Your spell library was empty.

Dungeon Overview and Level Annotations

Branches:
Dungeon (2/15) Zot: 10130

Altars:

Annotations:
D:2 Sigmund


Innate Abilities, Weirdness & Mutations

You are amphibious.
You cover ground slowly.
You can hop short distances.
You have an extended range of vision and can be seen from far away.
Your flesh is heat resistant. (rF+)
You are strong-willed. (Will+)


Message History

The helpless Sigmund fails to defend himself.
You hit Sigmund but do no damage.
Sigmund hits you from afar with a +0 scythe!
You aren't carrying any items that you can evoke.
It was a potion of mutation.
You feel extremely strange.
You feel resistant to heat.
You feel strong-willed. Sigmund barely misses you.
It was a potion of cancellation.
You feel magically purged.
It was a potion of attraction.
You feel attractive to monsters.
Sigmund hits you from afar with a +0 scythe.
Sigmund is attracted toward you.
You aren't carrying any items that you can evoke.
Unknown command.
You hit Sigmund but do no damage.
Sigmund gestures wildly while chanting.
Sigmund flickers and vanishes!
Deactivating autopickup; reactivate with Ctrl-A.
You barely miss something.
You hear some strange, mumbled words.
You are confused.
You are more confused.
You feel invigorated. Something hits you but does no damage.
Something is attracted toward you. Something hits you!
Something is attracted toward you.
You bump into the rock wall.
Something hits you! Something barely misses you.
Something is attracted toward you. Something is attracted toward you.
You feel less invigorated. Something hits you!
Something is attracted toward you.
You are too confused!
Unknown command.
You are too confused!
Okay, then.
Okay, then.
You bump into the rock wall.
Something hits you but does no damage. Something hits you!
Something is attracted toward you.
You bump into the rock wall.
Something hits you!
You die...

#.# #. #.# #.#
#.# ##.# #.# #...
#.# #..# #.# #..#
#.#
##..############
#.#
#.......{.@....#
#.#
#......ยง..####.#
#.# #.#.#####.#
#.# #.# #....#
#.# #.# #.#
.....#.# #.# #.#
#.# #.####. .#
#.# #.# ##.## #.
## #.# #.###...##
### #. #.#
#.##.###.###.. #.
#.####.##.#
#.##.##


There were no monsters in sight!

Vanquished Creatures
  2 adders (D:2)
  A dart slug (D:1)
  3 bats
  3 endoplasms
  A goblin (D:1)
  3 hobgoblins
  2 kobolds
  A quokka (D:2)
  3 ball pythons
  2 frilled lizards (D:2)
  3 rats
24 creatures vanquished.

Notes
Turn   | Place    | Note
-------+----------+-------------------------------------------
     0 | D:1      | holysushi the Barachi Monk began the quest for the Orb.
     0 | D:1      | Reached XP level 1. HP: 18/18 MP: 1/1
   186 | D:1      | Reached XP level 2. HP: 15/24 MP: 2/2
  1116 | D:2      | Identified the ring "Dicwapp" {rN+ Dex+2}
  1124 | D:2      | Reached skill level 4 in Polearms
  1124 | D:2      | Reached XP level 3. HP: 10/29 MP: 3/3
  1617 | D:2      | Noticed Sigmund
  1621 | D:2      | Gained mutation: Your flesh is heat resistant. (rF+)
                  | [potion of mutation]
  1621 | D:2      | Gained mutation: You are strong-willed. (Will+) [potion of
                  | mutation]
  1636 | D:2      | Slain by Sigmund

Illustrated notes

Levels and vault maps discovered:
D:1:      lemuel_arrival_broad_hall, layout_loops_corners
D:2:      layout_loops_ring, minmay_misc_feat_enclosed, uniq_sigmund

Skill      XL: |  1  2 |
---------------+-------+-----
Polearms       | 4 |  4.1
Fighting       | |  3.6
Dodging        | |  3.7
Stealth        | |  1.7

Action                     || total
---------------------------++-------
  Melee: Spear             ||    64
Ability: Hop               ||     1
    Use: Potion            ||     4
   Stab: Sleeping          ||    10
 Armour: Robe              ||     7
  Dodge: Dodged            ||    23

Table legend: (Time is in decaauts)
 A = Elapsed time spent in this place.
 B = Non-inter-level travel time spent in this place.
 C = Inter-level travel time spent in this place.
 D = Time resting spent in this place.
 E = Time spent auto-exploring this place.
 F = Levels seen in this place.
 G = Mean time per level.
                   A        B        C        D        E       F      G
               +--------+--------+--------+--------+--------+-----+--------+
         Total |   1868 |   1840 |     28 |    284 |   1272 |   2 |  934.0 |
       Dungeon |   1868 |   1840 |     28 |    284 |   1272 |   2 |  934.0 |
               +--------+--------+--------+--------+--------+-----+--------+

Top non-repeatable levels by time:
     D:1: 1119 daAuts
     D:2: 749 daAuts
